 Dungeon Crawl Stone Soup version 0.17.1-1-g73c8601 (webtiles) character file.

7928 Miyamura the Geomancer (level 11, -19/69 HPs)
             Began as a Gargoyle Earth Elementalist on Dec 13, 2015.
             Was a High Priest of Zin.
             Killed by Freeze
             ... invoked by DEFE's ghost
              (22 damage)
             ... on level 9 of the Dungeon on Dec 14, 2015.
             The game lasted 00:58:42 (15796 turns).

Miyamura the Geomancer (GrEE)                      Turns: 15796, Time: 00:58:42

Health: -19/69     AC: 15    Str: 13    XL:     11   Next: 22%
Magic:  11/21      EV: 16    Int: 17    God:    Zin [*****.]
Gold:   517        SH:  0    Dex: 11    Spells: 5 memorised, 9 levels left

rFire  . . .     SeeInvis +     v - +3 mace of Gozag's Hope {crush, +Blink}
rCold  . . .     Clarity  .     a - +1 robe
rNeg   + . .     SustAt   .     (no shield)
rPois  ∞         Gourm    +     h - +0 helmet
rElec  +         Spirit   .     (no cloak)
rCorr  .         Warding  .     i - +2 pair of gloves
rMut   .         Stasis   .     o - +0 pair of boots
MR     +....                    x - amulet of the gourmand
Stlth  ++........               u - ring of protection from magic
                                z - ring of see invisible

@: short of breath, somewhat resistant to hostile enchantments, unstealthy
A: repulsion field 1, negative energy resistance 1, electricity resistance,
unbreathing, petrification resistance, rot immunity, AC +7
a: Recite, Vitalisation, Imprison, Sanctuary, Donate Gold, Renounce Religion,
Evoke Blink


You were on level 9 of the Dungeon.
You worshipped Zin.
Zin was extremely pleased with you.
You were very full.

You visited 2 branches of the dungeon, and saw 11 of its levels.

You collected 574 gold pieces.
You donated 57 gold pieces to Zin.

Inventory:

Hand Weapons
 v - the +3 mace of Gozag's Hope (weapon) {crush, +Blink}
   (You took it off a gnoll on level 8 of the Dungeon)

   It inflicts extra damage upon your enemies.
   It lets you blink.
 B - a +0 blowgun
Missiles
 b - 325 stones (quivered)
 e - 60 poisoned needles
 g - 2 javelins
Armour
 a - a +1 robe (worn)
 h - a +0 helmet (worn)
 i - a +2 pair of gloves (worn)
 l - a +0 large shield
 o - a +0 pair of boots (worn)
Jewellery
 n - an uncursed ring of sustain attributes
 u - a ring of protection from magic (right hand)
 x - an amulet of the gourmand (around neck)
 z - a ring of see invisible (left hand)
 C - an uncursed ring of positive energy
 D - an uncursed ring of flight
Scrolls
 f - 3 scrolls of remove curse
 k - a scroll of enchant weapon
 t - 3 scrolls of identify
 A - a scroll of enchant armour
Potions
 j - 4 potions of curing
 r - a potion of flight
 s - a potion of might
Books
 c - a book of Geomancy

   Spells                             Type                      Level
   a - Sandblast                      Earth                        1
   b - Stoneskin                      Transmutation/Earth          2
   c - Passwall                       Transmutation/Earth          3
   d - Stone Arrow                    Conjuration/Earth            3
   e - Petrify                        Transmutation/Earth          4
   f - Lee's Rapid Deconstruction     Earth                        5
 w - a book of the Sky

   Spells                             Type                      Level
   a - Summon Lightning Spire         Summoning/Air                4
   b - Airstrike                      Air                          4
   c - Silence                        Hexes/Air                    5
   d - Deflect Missiles               Charms/Air                   6
   e - Conjure Ball Lightning         Conjuration/Air              6
   f - Tornado                        Air                          9
Comestibles
 d - 4 bread rations
 m - 6 slices of pizza
 p - a royal jelly
 E - 3 fruits


   Skills:
 + Level 8.3 Fighting
 + Level 7.7 Maces & Flails
 + Level 6.6 Dodging
 - Level 2.1 Stealth
 + Level 7.2 Spellcasting
 - Level 0.7 Transmutations
 - Level 9.6 Earth Magic
 + Level 0.4 Invocations


You had 9 spell levels left.
You knew the following spells:

 Your Spells              Type           Power        Failure   Level  Hunger
a - Sandblast             Erth           #####.       1%          1    None
b - Stone Arrow           Conj/Erth      ###...       6%          3    ##.....
c - Petrify               Trmt/Erth      ###.....     14%         4    ####...
d - Lee's Rapid Deconstr  Erth           #####.....   10%         5    #####..
s - Stoneskin             Trmt/Erth      ###.....     1%          2    None


Dungeon Overview and Level Annotations

Branches:
Dungeon (10/15)            Temple (1/1) D:5            Lair (0/8) D:10
    Orc (0/4) D:10

Altars:
Ashenzari
Cheibriados
Dithmenos
Elyvilon
Fedhas
Gozag
Kikubaaqudgha
Makhleb
Nemelex Xobeh
Okawaru
Qazlal
Ru
Sif Muna
Trog
Vehumet
Xom
Yredelemnul
Zin
The Shining One

Annotations:
D:9 DEFE's ghost, novice OpFi


Innate Abilities, Weirdness & Mutations

You are resistant to torment.
Your stone body is resilient (AC +7).
You are immune to poison.
You resist negative energy.
You are resistant to electric shocks.
You can survive without breathing.
You are immune to petrification.
You are immune to rotting.
You are surrounded by a mild repulsion field (EV +2).


Message History

Press: ? - help, Dir - move target cursor, f/p - DEFE's ghost
Aim: DEFE's ghost, wielding a weapon of venom Your recitation is interrupted.
You feel short of breath.
You need more space to imprison DEFE's ghost.
Press: ? - help, Dir - move target cursor, f/p - DEFE's ghost
Aim: DEFE's ghost, wielding a weapon of venom You need more space to imprison DEFE's ghost.
Okay, then.
You fail to use your ability.
DEFE's ghost hits you but does no damage.
You fail to use your ability.
The hill giant misses you.
DEFE's ghost lets out a mournful wail.
DEFE's ghost stares at you and mumbles some strange words.
You are frozen.
* * * LOW HITPOINT WARNING * * *
You fail to use your ability.
The hill giant barely misses you.
DEFE's ghost stares at you and mumbles some strange words.
You are frozen.
You die...

#####........# #............##.
##.####### #########.###### #...#
###.# ###.# ####...# ####'###
#....### #......# ##'##### # #
#......##### #......# # ###
#......'...#####......#######
..###......###.C@W.'......+.....#
#...#......# #######......#####.'
###.#......# #......# ###
#.'......# #......# # ###...>..#
#.?<...# # ####.#######
#####'##### # ##...#.....#
#.....# ## #......#8#.#
##########.###. # #......###'#
#...........##.


You could see a hill giant and DEFE's ghost.

Vanquished Creatures
  Erica (D:9)
  Pikel (D:5)
  The ghost of Skaffen the Demolition Vine, a novice VSAs of Makhleb (D:8)
  Joseph (D:8)
  Prince Ribbit (D:5)
  A wraith (D:9)
  7 yaks (D:9)
  A sky beast (D:8)
  4 ogres
  A phantom (D:8)
  2 slaves (D:5)
  3 black bears
  A centaur (D:5)
  A necrophage (D:7)
  2 crocodiles
  2 big kobolds
  3 gnoll sergeants
  3 giant frogs
  3 scorpions
  8 killer bees (D:9)
  A troll zombie (D:9)
  2 crimson imps
  A centaur zombie (D:5)
  6 giant frog zombies
  A gnoll shaman (D:5)
  4 orc priests
  12 wights
  2 centaur skeletons (D:6)
  3 hounds
  6 orc wizards
  5 human zombies (D:9)
  A human skeleton (D:9)
  8 worker ants
  2 jellies
  Jessica (D:2)
  5 iguanas
  3 giant frog skeletons
  A killer bee zombie (D:9)
  A hound zombie (D:5)
  A hound skeleton (D:4)
  2 mummies (D:9)
  Robin (D:2)
  16 gnolls
  A worker ant zombie (D:5)
  14 adders
  2 shadow imps
  2 oozes
  7 adder zombies
  6 adder skeletons
  A worm (D:5)
  24 orcs
  5 giant cockroaches
  15 goblins
  13 hobgoblins
  5 jackals
  6 quokkas
  A ball python (D:2)
  9 bats
  A giant cockroach zombie (D:5)
  4 giant geckos
  2 giant gecko zombies
  6 giant newts
  17 kobolds
  A quokka skeleton (D:9)
  A quokka zombie (D:5)
  9 rats
284 creatures vanquished.

Vanquished Creatures (others)
  2 slaves (D:5)
  An ogre (D:5)
  A gnoll (D:5)
4 creatures vanquished.

Grand Total: 288 creatures vanquished

Notes
Turn   | Place    | Note
--------------------------------------------------------------
     0 | D:1      | Miyamura the Gargoyle Earth Elementalist began the quest for the Orb.
     0 | D:1      | Reached XP level 1. HP: 10/10 MP: 3/3
   264 | D:1      | Reached XP level 2. HP: 10/16 MP: 0/5
   424 | D:1      | Learned a level 2 spell: Stoneskin
   735 | D:1      | Reached skill level 4 in Earth Magic
  1290 | D:2      | Reached skill level 1 in Fighting
  1290 | D:2      | Reached XP level 3. HP: 18/20 MP: 3/6
  1708 | D:2      | Noticed Robin
  1745 | D:2      | Learned a level 3 spell: Stone Arrow
  1803 | D:2      | Reached skill level 1 in Maces & Flails
  2701 | D:2      | Killed Robin
  2701 | D:2      | Reached XP level 4. HP: 23/25 MP: 0/7
  3092 | D:2      | Noticed Jessica
  3112 | D:2      | Killed Jessica
  3693 | D:3      | Reached XP level 5. HP: 30/30 MP: 6/8
  3739 | D:3      | Noticed an air elemental
  3741 | D:3      | Found a stormy altar of Qazlal.
  3994 | D:3      | Found a shattered altar of Ashenzari.
  4764 | D:3      | Noticed a water elemental
  4766 | D:3      | Noticed a fire elemental
  4766 | D:3      | Noticed an earth elemental
  4806 | D:4      | Noticed an ogre
  4885 | D:4      | Reached skill level 5 in Earth Magic
  5268 | D:4      | Reached XP level 6. HP: 18/37 MP: 4/10
  5593 | D:4      | Killed an ogre
  6158 | D:3      | Reached XP level 7. HP: 27/41 MP: 11/11
  7121 | D:5      | Entered Level 5 of the Dungeon
  7633 | D:5      | Found a blossoming altar of Fedhas.
  8097 | D:5      | Noticed Pikel
  8154 | D:5      | Killed Pikel
  8154 | D:5      | Reached skill level 5 in Fighting
  8154 | D:5      | Reached skill level 6 in Earth Magic
  8154 | D:5      | Reached XP level 8. HP: 36/49 MP: 1/14
  8731 | D:5      | Found a sparkling altar of Nemelex Xobeh.
  8836 | D:5      | Noticed Prince Ribbit
  8849 | D:5      | Gained mutation: You are surrounded by a mild repulsion field (EV +2). [potion of mutation]
  8849 | D:5      | Gained mutation: Your spells are a little harder to cast, but a little more powerful. [potion of mutation]
  8849 | D:5      | Lost mutation: Your spells are a little harder to cast, but a little more powerful. [potion of mutation]
  9071 | D:5      | Found a staircase to the Ecumenical Temple.
  9107 | Temple   | Entered the Ecumenical Temple
  9518 | Temple   | Became a worshipper of Zin the Law-Giver
  9518 | Temple   | Reached * piety under Zin
  9646 | D:6      | Found a bloodstained altar of Trog.
  9657 | D:6      | Reached skill level 7 in Earth Magic
  9674 | D:6      | Reached XP level 9. HP: 37/54 MP: 3/16
  9924 | D:6      | Reached ** piety under Zin
 10019 | D:6      | Reached skill level 5 in Spellcasting
 10057 | D:6      | Found a basalt altar of Yredelemnul.
 10149 | D:6      | Found an iron altar of Okawaru.
 10978 | D:7      | Reached skill level 5 in Maces & Flails
 11146 | D:7      | Reached *** piety under Zin
 11908 | D:8      | Found a white marble altar of Elyvilon.
 11980 | D:8      | Reached skill level 5 in Dodging
 12035 | D:8      | Reached **** piety under Zin
 12077 | D:8      | Noticed Joseph
 12096 | D:8      | Killed Joseph
 12096 | D:8      | Reached skill level 8 in Earth Magic
 12195 | D:8      | Got a shimmering mace {crush}
 12196 | D:8      | Identified the +3 mace of Gozag's Hope {crush, +Blink} (You took it off a gnoll on level 8 of the Dungeon)
 12393 | D:8      | Reached XP level 10. HP: 56/61 MP: 18/18
 12761 | D:8      | Noticed Skaffen's ghost (novice VSAs)
 12771 | D:8      | Killed Skaffen's ghost
 12947 | D:5      | Killed Prince Ribbit
 13298 | D:9      | Found a glowing silver altar of Zin.
 13821 | D:9      | Reached skill level 9 in Earth Magic
 13882 | D:9      | Reached ***** piety under Zin
 13906 | D:9      | Found an ancient bone altar of Kikubaaqudgha.
 14035 | D:9      | Noticed Erica
 14035 | D:9      | Noticed DEFE's ghost (novice OpFi)
 14064 | D:9      | Killed Erica
 14108 | D:9      | HP: 3/64 [DEFE's ghost/Freeze (22)]
 14594 | D:9      | Reached XP level 11. HP: 64/68 MP: 19/21
 14993 | D:10     | Entered Level 10 of the Dungeon
 15046 | D:10     | Found a staircase to the Orcish Mines.
 15111 | D:10     | Found a staircase to the Lair.
 15158 | D:10     | Noticed an ice devil
 15449 | D:9      | Learned a level 4 spell: Petrify
 15455 | D:9      | Learned a level 5 spell: Lee's Rapid Deconstruction
 15689 | D:10     | Noticed a hill giant
 15795 | D:9      | HP: 3/69 [DEFE's ghost/Freeze (19)]
 15796 | D:9      | Killed from afar by DEFE's ghost

Action                   |  1- 3 |  4- 6 |  7- 9 | 10-12 || total
-------------------------+-------+-------+-------+-------++-------
Melee: Whip              |    35 |       |   563 |       ||   598
       Mace              |   134 |   237 |   240 |   548 ||  1159
Throw: Stone             |       |       |    19 |       ||    19
 Cast: Sandblast         |    28 |    10 |     1 |       ||    39
       Stoneskin         |    15 |    21 |    51 |    26 ||   113
       Stone Arrow       |       |     9 |    47 |    32 ||    88
Invok: Recite            |       |       |       |     1 ||     1
 Abil: Evoke Blink       |       |       |       |     1 ||     1
  Use: Scroll            |     9 |     4 |    10 |     2 ||    25
       Potion            |     1 |       |     7 |     1 ||     9
 Stab: Sleeping          |     2 |     3 |     5 |     5 ||    15
  Eat: Chunk             |     7 |    14 |    27 |    13 ||    61
       Meat ration       |       |       |     2 |       ||     2
       Royal jelly       |       |       |       |     1 ||     1
